 Dungeon Crawl Stone Soup version 0.20-a0-754-g13ddd6e (webtiles) character file.

2265 nono the Chopper (level 9, -2/45 HPs)
             Began as a Vine Stalker Hunter on Feb 25, 2017.
             Was a Follower of Trog.
             Killed from afar by a steam dragon (5 damage)
             ... with a ball of steam
             ... on level 1 of the Lair of Beasts.
             The game lasted 00:23:41 (2870 turns).

nono the Chopper (Vine Stalker Hunter)              Turns: 2870, Time: 00:23:42

Health: -2/45      AC: 15    Str: 18    XL:     9   Next: 38%
Magic:  0/10       EV:  3    Int: 11    God:    Trog [*.....]
Gold:   194        SH:  7    Dex: 15    Spells: 8/8 levels left

rFire    . . .     SeeInvis .   c - +2 short sword (protect)
rCold    . . .     Gourm    .   n - +0 plate armour
rNeg     . . .     Faith    .   E - +0 shield
rPois    .         Spirit   +   p - +0 helmet
rElec    .         Reflect  .   (no cloak)
rCorr    .         Harm     .   (no gloves)
MR       ++...                  (no boots)
Stlth    ..........             (no amulet)
Regen    0.6/turn               (no ring)
MPRegen  0.2/turn               C - ring of protection from magic

@: lethally poisoned (-2 -> -16), exhausted, about to teleport, very slightly
contaminated, hasted and slowed
A: fangs 3, icy blue scales 1, regeneration 1, evolution 1, magic shield,
antimagic bite, no potion heal 3, rot immunity
a: Berserk, Burn Spellbooks, Renounce Religion


You were on level 1 of the Lair of Beasts.
You worshipped Trog.
Trog was aware of your devotion.
You were hungry.

You visited 3 branches of the dungeon, and saw 10 of its levels.

You collected 194 gold pieces.

Inventory:

Hand Weapons
 a - a +0 short sword
 c - a +2 short sword of protection (weapon)
 e - a +0 dagger
 D - a +0 hand axe
Missiles
 d - a throwing net (quivered)
 v - 5 javelins
Armour
 b - a +0 leather armour
 n - a +0 plate armour (worn)
 p - a +0 helmet (worn)
 E - a +0 shield (worn)
Jewellery
 C - a ring of protection from magic (left hand)
Wands
 t - a wand of paralysis (0/24)
 x - a wand of polymorph (13/24)
Scrolls
 h - 3 scrolls of amnesia
 k - a scroll of random uselessness {unknown}
 l - 2 scrolls of remove curse
 r - 2 scrolls of fog {unknown}
 s - a scroll of blinking {unknown}
 y - a scroll of enchant weapon {unknown}
Potions
 g - a potion of haste
 i - 2 potions of heal wounds {unknown}
 o - a potion of degeneration {unknown}
 q - a potion of flight {unknown}
 w - 2 potions of agility {unknown}
 A - 4 potions of curing {unknown}
 B - a potion of lignification {unknown}
Comestibles
 f - 4 bread rations
 j - 6 fruits
 m - a royal jelly
 z - a meat ration
 F - 11 chunks of flesh


   Skills:
 - Level 4.0 Fighting
 - Level 3.8 Short Blades
 + Level 6.1 Axes
 - Level 3.6 Throwing
 + Level 5.9 Armour
 - Level 1.5 Dodging
 - Level 4.5 Stealth
 - Level 0.1 Shields


You had 8 spell levels left.
You didn't know any spells.

Dungeon Overview and Level Annotations

Branches:
Dungeon (8/15)             Temple (1/1) D:6            Lair (1/6) D:8

Altars:
Cheibriados
Dithmenos
Gozag
Hepliaklqana
Makhleb
Nemelex Xobeh
Okawaru
Sif Muna
Trog
Uskayaw
Vehumet
Wu Jian
Xom
Yredelemnul
Zin
The Shining One

Annotations:
D:3 CcS's ghost, amateur TrTm


Innate Abilities, Weirdness & Mutations

You have razor-sharp teeth.
Your natural rate of healing is unusually fast.
When hurt, damage is shared between your health and your magic reserves.
Your bite disrupts and absorbs the magic of your enemies.
Potions cannot restore your health.
You are immune to rotting.
You are partially covered in icy blue scales. (AC +2)
You evolve.


Message History

* * * LOW HITPOINT WARNING * * *
You feel sick. The killer bee barely misses you.
* * * LOW HITPOINT WARNING * * *
You feel very sick.
The killer bee stings you but does no damage.
Unknown command.
Evoke which item? (* to show all) (? for menu, Esc to quit)
Aiming: Polymorph (will waste charges)
Press: ? - help, Shift-Dir - straight line, f - killer bee
Aim: a killer bee (moderately wounded, chance to defeat MR: 54%)
The killer bee evaporates and reforms as a steam dragon!
Evoking this partially-identified wand wasted a few charges.
* * * LOW HITPOINT WARNING * * *
You feel sick.
* * * LOW HITPOINT WARNING * * *
You feel sick.
The rime drake bites you but does no damage.
The steam dragon breathes steam at you. The ball of steam hits you!
You die...

.. .# ?..% #.# ...... ..# ......
##.. ......# #.. .......##.#
.........@## ........k§P# #####
P.............D### #.....
##..............####......
..............................##
#..............................##
..y...............P.............#
##...............Pb.............#
y..P..............P.............#


You could see a rime drake and a steam dragon.

Vanquished Creatures
  A rime drake (Lair:1)
  3 wargs (D:7)
  A water moccasin (Lair:1)
  An orc warrior (D:7)
  An ogre (D:6)
  2 sky beasts
  2 black bears
  3 wolves (Lair:1)
  A crocodile (Lair:1)
  2 bullfrogs
  A crimson imp (D:5)
  2 hounds
  3 orc priests
  4 orc wizards
  Jessica (D:2)
  2 centaur skeletons (D:7)
  3 worker ants
  A worker ant zombie (D:6)
  4 adders
  A shadow imp (D:5)
  2 oozes (D:4)
  An adder skeleton (D:5)
  2 worms
  2 dart slugs
  4 leopard geckos
  19 orcs
  A ball python (D:2)
  3 bats
  7 giant cockroaches
  5 goblins
  4 hobgoblins
  3 jackals (D:4)
  A quokka (D:7)
  4 frilled lizards
  5 kobolds
  A leopard gecko skeleton (D:4)
  A rat (D:1)
104 creatures vanquished.

Notes
Turn   | Place    | Note
-------+----------+-------------------------------------------
     0 | D:1      | nono the Vine Stalker Hunter began the quest for the Orb.
     0 | D:1      | Reached XP level 1. HP: 11/11 MP: 2/2
    68 | D:1      | Reached skill level 1 in Short Blades
    84 | D:1      | Reached XP level 2. HP: 6/15 MP: 3/3
   380 | D:2      | Noticed Jessica
   393 | D:2      | Killed Jessica
   393 | D:2      | Reached XP level 3. HP: 16/18 MP: 4/4
   408 | D:2      | Found a shimmering altar of Xom.
   409 | D:2      | Found a shimmering altar of Xom.
   409 | D:2      | Found a shimmering altar of Xom.
   409 | D:2      | Found a shimmering altar of Xom.
   466 | D:2      | Gained mutation: Your natural rate of healing is unusually fast. [Vine Stalker growth]
   466 | D:2      | Reached XP level 4. HP: 22/23 MP: 5/5
   626 | D:2      | Found a faded altar of an unknown god.
   688 | D:3      | Noticed CcS's ghost (amateur TrTm)
   764 | D:4      | Reached XP level 5. HP: 24/26 MP: 6/6
   821 | D:4      | Reached skill level 1 in Armour
   822 | D:4      | Paralysed by an orc for 5 turns
  1186 | D:5      | Entered Level 5 of the Dungeon
  1189 | D:5      | Reached XP level 6. HP: 26/30 MP: 5/7
  1242 | D:5      | Found a glowing silver altar of Zin.
  1603 | D:6      | Found a staircase to the Ecumenical Temple.
  1616 | Temple   | Entered the Ecumenical Temple
  1713 | Temple   | Became a worshipper of Trog the Wrathful
  1754 | D:6      | Reached XP level 7. HP: 35/35 MP: 8/8
  2007 | D:6      | Found a deep blue altar of Sif Muna.
  2032 | D:7      | Reached skill level 1 in Axes
  2126 | D:6      | Reached skill level 2 in Axes
  2136 | D:7      | Gained mutation: You have razor-sharp teeth. [Vine Stalker growth]
  2136 | D:7      | Reached XP level 8. HP: 36/42 MP: 9/9
  2430 | D:7      | Reached skill level 3 in Axes
  2557 | D:7      | Reached skill level 4 in Axes
  2592 | D:8      | Reached * piety under Trog
  2617 | D:8      | Found a staircase to the Lair.
  2667 | Lair:1   | Entered Level 1 of the Lair of Beasts
  2702 | Lair:1   | Noticed a rime drake
  2713 | Lair:1   | Killed a rime drake
  2713 | Lair:1   | Reached skill level 5 in Axes
  2713 | Lair:1   | Reached skill level 5 in Armour
  2713 | Lair:1   | Reached XP level 9. HP: 34/45 MP: 10/10
  2753 | Lair:1   | Gained mutation: You are partially covered in icy blue scales. (AC +2) [mutagenic meat]
  2754 | Lair:1   | Gained mutation: You evolve. [mutagenic meat]
  2852 | Lair:1   | Reached skill level 6 in Axes
  2864 | Lair:1   | Noticed a queen bee
  2864 | Lair:1   | Noticed a rime drake
  2870 | Lair:1   | Killed from afar by a steam dragon

Vault maps used:
D:1:      dpeg_arrival_long_road, serial_corexii_hall, corexii_hall_statues_l,
          corexii_hall_statues_x
D:2:      chequers_ecumenical_altar_lobes, xom_redecorated, uniq_jessica
D:3:      trog_book
D:4:      first_bread
D:5:      basic_altar, minmay_misc_feat_x
D:6:      grunt_qazlal_sundering, minmay_temple_entry_overgrown, basic_altar
D:8:      minitemple, erik_lair_orcish_takeover
Temple:   eino_narrow_crystal_temple
Lair:1:   special_room, lemuel_fruit_fields, lemuel_fruit_tree,
          serial_bayou_shore_b

Skill      XL: |  1  2  3  4  5  6  7  8  9 |
---------------+----------------------------+-----
Short Blades   | 1 2 3 |  3.8
Stealth        | 2 3 4 |  4.5
Armour         | 1 2 3 5 |  5.9
Fighting       | 2 4 |  4.0
Axes           | 2 5 6 |  6.1
Throwing       | |  3.6
Dodging        | |  1.5
Shields        | |  0.1

Action                   |  1- 3 |  4- 6 |  7- 9 || total
-------------------------+-------+-------+-------++-------
Melee: Short sword       |    20 |    68 |   225 ||   313
       Bite              |    11 |    67 |    72 ||   150
       Dagger            |    29 |   133 |       ||   162
Throw: Javelin           |     7 |    14 |       ||    21
       Throwing net      |     2 |     1 |     2 ||     5
Invok: Berserk           |       |       |     3 ||     3
Evoke: Wand              |       |       |     8 ||     8
  Use: Scroll            |       |     1 |     7 ||     8
       Potion            |       |       |     1 ||     1
 Stab: Distracted        |     1 |       |       ||     1
       Held in net/web   |       |     1 |       ||     1
       Paralysed         |       |       |     6 ||     6
  Eat: Chunk             |       |     2 |     9 ||    11
Armor: Leather armour    |    12 |       |       ||    12
       Plate armour      |     6 |   130 |   173 ||   309
Dodge: Dodged            |    23 |    35 |    22 ||    80
Block: Shield            |       |       |    84 ||    84
